 Dungeon Crawl Stone Soup version 0.24.0-123-gd5b16e6ec5 (webtiles) character file.

Game seed: 2525417639270331554, levelgen mode: deterministic

109 Goreval the Grasshopper (level 4, -1/38 HPs)
             Began as a Gnoll Warper on Jan 30, 2020.
             Slain by an orc wizard
             ... wielding a +0 dagger
              (4 damage)
             ... on level 3 of the Dungeon.
             The game lasted 00:03:30 (1915 turns).

Goreval the Grasshopper (Gnoll Warper)              Turns: 1915, Time: 00:03:31

Health: -1/38      AC:  5    Str: 13    XL:     4   Next: 90%
Magic:  7/11       EV: 13    Int: 16    God:
Gold:   155        SH:  0    Dex: 15    Spells: 6/13 levels left

rFire    . . .     SeeInvis .   a - +0 falchion
rCold    . . .     Gourm    .   (no shield)
rNeg     . . .     Faith    .   l - +0 ring mail
rPois    .         Spirit   .   (no helmet)
rElec    .         Reflect  .   (no cloak)
rCorr    .         Harm     .   (no gloves)
MR       .....                  (no boots)
Stlth    +.........             (no amulet)
HPRegen  0.12/turn              (no ring)
MPRegen  0.12/turn              (no ring)

@: no status effects
A: distributed training, fangs 1, strong nose
a: no special abilities


You were on level 3 of the Dungeon.
You were very hungry.

You visited 1 branch of the dungeon, and saw 3 of its levels.

You collected 155 gold pieces.

Inventory:

Hand Weapons
 a - a +0 falchion (weapon)
Missiles
 e - 5 boomerangs of dispersal (quivered)
 k - 83 stones
Armour
 l - a +0 ring mail (worn)
Jewellery
 p - an uncursed ring of resist corrosion {unknown}
Scrolls
 d - a scroll of blinking
 g - a scroll of remove curse {unknown}
 h - a scroll of enchant weapon {unknown}
 j - a scroll of amnesia {unknown}
 o - 2 scrolls of identify {unknown}
 q - a scroll of noise {unknown}
 r - a scroll of random uselessness {unknown}
Potions
 b - a potion of brilliance {unknown}
 c - a potion of magic {unknown}
 i - a potion of might {unknown}
 m - a potion of degeneration {unknown}
 n - a potion of lignification {unknown}
Comestibles
 f - 5 rations


   Skills:
 + Level 4.7 Fighting
 + Level 1.2 Short Blades
 + Level 4.7 Long Blades
 + Level 1.2 Axes
 + Level 1.2 Maces & Flails
 + Level 1.2 Polearms
 + Level 1.2 Staves
 + Level 1.2 Slings
 + Level 1.2 Bows
 + Level 1.2 Crossbows
 + Level 2.8 Throwing
 + Level 2.8 Armour
 + Level 4.7 Dodging
 + Level 1.2 Stealth
 + Level 1.2 Shields
 + Level 1.2 Unarmed Combat
 + Level 5.1 Spellcasting
 + Level 1.0 Conjurations
 + Level 1.0 Hexes
 + Level 1.0 Charms
 + Level 1.0 Summonings
 + Level 1.0 Necromancy
 + Level 5.5 Translocations
 + Level 1.0 Transmutations
 + Level 1.0 Fire Magic
 + Level 1.0 Ice Magic
 + Level 1.0 Air Magic
 + Level 1.0 Earth Magic
 + Level 1.0 Poison Magic
 + Level 1.3 Invocations
 + Level 1.2 Evocations


You had 6 spell levels left.
You knew the following spells:

 Your Spells              Type           Power        Failure   Level  Hunger
a - Gell's Gravitas       Tloc           ###.......   10%         3    ###....
b - Shroud of Golubria    Chrm/Tloc      ##....       12%         2    #......
n - Blink                 Tloc           N/A          4%          2    #......

Your spell library contained the following spells:

 Spells                   Type           Power        Failure   Level  Hunger
 Lesser Beckoning         Tloc           ###.......   10%         3    ###....
 Teleport Other           Tloc           ###.....     10%         3    ###....
 Passage of Golubria      Tloc           N/A          32%         4    ####...


Dungeon Overview and Level Annotations

Branches:
Dungeon (3/15)

Altars:
Xom


Innate Abilities, Weirdness & Mutations

Your experience applies equally to all skills.
You have very sharp teeth.
Your uncanny sense of smell can sniff out nearby items.


Message History

The orc wizard gestures at you while chanting.
The magic dart hits you.
You hit the orc.
You kill the orc!
Unknown command.
The orc wizard points at you and mumbles some strange words.
The magic dart hits you!
* * * LOW HITPOINT WARNING * * *
You hit the orc wizard.
You bite the orc wizard, but do no damage.
The orc wizard misses you.
You closely miss the orc wizard. The orc wizard casts a spell at you.
The magic dart hits you.
* * * LOW HITPOINT WARNING * * *
The orc wizard closely misses you.
You riposte.
You hit the orc wizard. You hit the orc wizard.
The orc wizard barely misses you.
You riposte.
You slash the orc wizard!
The orc wizard hits you with a +0 dagger.
You die...

.........######
####......## #
#..........#
#.######.#.#
#.######.#.#
#.##>....#.#
#.##.###.#.#
######.##.###.#.#
.######.).@o........#.#
.......)####.##.##.#..#
######..# #......###.#
#..# ####.##.#.## #..#
#.##...###### ....
#.#.......... ##...
#......###### ##.##
###.#.## # #.# #.#.# #


You could see an orc wizard.

Vanquished Creatures
  A crimson imp (D:2)
  A gnoll (D:1)
  An adder (D:2)
  2 oozes (D:2)
  2 dart slugs
  2 leopard geckos (D:1)
  4 orcs (D:3)
  A ball python (D:1)
  A bat (D:1)
  3 giant cockroaches
  2 goblins (D:1)
  5 hobgoblins
  3 jackals (D:1)
  2 kobolds
  A quokka (D:2)
  8 rats
39 creatures vanquished.

Notes
Turn   | Place    | Note
-------+----------+-------------------------------------------
     0 | D:1      | Goreval the Gnoll Warper began the quest for the Orb.
     0 | D:1      | Reached XP level 1. HP: 20/20 MP: 6/6
   117 | D:1      | Reached XP level 2. HP: 13/26 MP: 7/7
   324 | D:1      | Learned a level 2 spell: Shroud of Golubria
   327 | D:1      | Learned a level 2 spell: Blink
   367 | D:1      | Reached skill level 5 in Spellcasting
   367 | D:1      | Reached XP level 3. HP: 31/31 MP: 7/9
   809 | D:1      | Reached skill level 1 in Invocations
   814 | D:1      | Learned a level 3 spell: Gell's Gravitas
   990 | D:2      | Reached skill level 1 in Short Blades
   990 | D:2      | Reached skill level 1 in Axes
   990 | D:2      | Reached skill level 1 in Maces & Flails
   990 | D:2      | Reached skill level 1 in Polearms
   990 | D:2      | Reached skill level 1 in Staves
   990 | D:2      | Reached skill level 1 in Slings
   990 | D:2      | Reached skill level 1 in Bows
   990 | D:2      | Reached skill level 1 in Crossbows
   990 | D:2      | Reached skill level 1 in Stealth
   990 | D:2      | Reached skill level 1 in Shields
   990 | D:2      | Reached skill level 1 in Unarmed Combat
   990 | D:2      | Reached skill level 1 in Evocations
   990 | D:2      | Reached XP level 4. HP: 35/38 MP: 11/11
  1317 | D:2      | Found a shimmering altar of Xom.
  1450 | D:2      | Reached skill level 1 in Conjurations
  1450 | D:2      | Reached skill level 1 in Hexes
  1450 | D:2      | Reached skill level 1 in Charms
  1450 | D:2      | Reached skill level 1 in Summonings
  1450 | D:2      | Reached skill level 1 in Necromancy
  1450 | D:2      | Reached skill level 1 in Transmutations
  1450 | D:2      | Reached skill level 1 in Fire Magic
  1450 | D:2      | Reached skill level 1 in Ice Magic
  1450 | D:2      | Reached skill level 1 in Air Magic
  1450 | D:2      | Reached skill level 1 in Earth Magic
  1450 | D:2      | Reached skill level 1 in Poison Magic
  1915 | D:3      | Slain by an orc wizard

Levels and vault maps discovered:
D:1:      lightli_arrival_maybe_door_vault, layout_loops_ring
D:2:      layout_loops_corners, lemuel_doored_altar
D:3:      minmay_general_purpose_star, layout_loops_ring, marbit_many_paths,
          lightli_corner_chamber, uniq_terence

Skill      XL: |  1  2  3  4 |
---------------+-------------+-----
Spellcasting   | 5 |  5.1
Invocations    | 1 |  1.3
Short Blades   | 1 |  1.2
Axes           | 1 |  1.2
Maces & Flails | 1 |  1.2
Polearms       | 1 |  1.2
Staves         | 1 |  1.2
Slings         | 1 |  1.2
Bows           | 1 |  1.2
Crossbows      | 1 |  1.2
Stealth        | 1 |  1.2
Shields        | 1 |  1.2
Unarmed Combat | 1 |  1.2
Evocations     | 1 |  1.2
Conjurations   | 1 |  1.0
Hexes          | 1 |  1.0
Charms         | 1 |  1.0
Summonings     | 1 |  1.0
Necromancy     | 1 |  1.0
Transmutations | 1 |  1.0
Fire Magic     | 1 |  1.0
Ice Magic      | 1 |  1.0
Air Magic      | 1 |  1.0
Earth Magic    | 1 |  1.0
Poison Magic   | 1 |  1.0
Fighting       | |  4.7
Long Blades    | |  4.7
Throwing       | |  2.8
Armour         | |  2.8
Dodging        | |  4.7
Translocations | |  5.5

Action                   |  1- 3 |  4- 6 || total
-------------------------+-------+-------++-------
Melee: Falchion          |    72 |    34 ||   106
       Bite              |     5 |     8 ||    13
 Cast: Gell's Gravitas   |     1 |     2 ||     3
       Blink             |     1 |       ||     1
       Shroud of Golubri |     1 |       ||     1
  Eat: Chunk             |       |     2 ||     2
Armor: Leather armour    |     6 |       ||     6
       Ring mail         |    11 |    11 ||    22
Dodge: Dodged            |    53 |    28 ||    81
       Rpst.: Falchion   |    17 |    11 ||    28
